 Dungeon Crawl Stone Soup version 0.29.1-15-g9cfb28693d (webtiles) character file.

Game seed: 6159841873844633169

1001 bmack86 the Chopper (level 8, -4/68 HPs)
             Began as a Minotaur Fighter on Apr 1, 2024.
             Was a Believer of Okawaru.
             Slain by a vampire mosquito (8 damage)
             ... on level 5 of the Dungeon.
             The game lasted 00:10:50 (3734 turns).

bmack86 the Chopper (Minotaur Fighter)              Turns: 3734, Time: 00:10:51

Health: -4/68      AC: 12    Str: 23    XL:     8   Next: 0%
Magic:  0/9        EV:  9    Int:  8    God:    Okawaru [**....]
Gold:   249        SH: 10    Dex: 14    Spells: 7/7 levels left

rFire   . . .      SeeInvis .   a - +0 war axe
rCold   + . .      Faith    .   p - +0 kite shield
rNeg    . . .      Spirit   +   w - +2 ring mail "Keat" {rC+ Regen+ Int+3 Dex+4}
rPois   .          Reflect  .   (helmet restricted)
rElec   .          Harm     .   t - +2 cloak
rCorr   .          Rampage  .   n - +0 pair of gloves
Will    .....                   (no boots)
Stlth   +.........              u - amulet of guardian spirit
HPRegen 1.01/turn               (no ring)
MPRegen 0.11/turn               (no ring)

@: mighty
A: horns 2, retaliatory headbutt
a: Renounce Religion, Heroism


You were on level 5 of the Dungeon.
You worshipped Okawaru.
Okawaru was pleased with you.
You visited 1 branch of the dungeon, and saw 5 of its levels.

You collected 249 gold pieces.

Inventory:

Hand Weapons
 a - a +0 war axe (weapon)
Missiles
 h - 2 javelins
 q - 10 poisoned darts
 y - a throwing net
Armour
 n - a +0 pair of gloves (worn)
 p - a +0 kite shield (worn)
 t - a +2 cloak (worn)
 w - the +2 ring mail "Keat" (worn) {rC+ Regen+ Int+3 Dex+4}
   (You found it on level 3 of the Dungeon)

   Int:       It affects your intelligence (+3).
   Dex:       It affects your dexterity (+4).
   rC:        It protects you from cold.
   Regen:     It increases your rate of health regeneration.
Jewellery
 k - an amulet of magic regeneration
 l - a ring of magical power
 u - an amulet of guardian spirit (around neck)
 v - a ring of willpower
Wands
 c - a wand of flame (11) (quivered)
 j - a wand of polymorph (12)
Scrolls
 b - a scroll of brand weapon {unknown}
 i - 5 scrolls of teleportation
 m - a scroll of poison {unknown}
Potions
 d - 2 potions of might
 e - a potion of cancellation
 f - 2 potions of curing
 g - 5 potions of flight
 o - a potion of magic
 r - 2 potions of heal wounds
 x - a potion of mutation


   Skills:
 + Level 5.2 Fighting
 * Level 7.7 Axes
 + Level 5.2 Armour
 + Level 6.2 Shields
 + Level 2.7 Invocations


You had 7 spell levels left.
You didn't know any spells.
Your spell library contained the following spells:

 Spells                   Type           Power      Damage    Failure   Level
 Sting                    Tmut/Pois      0%         1d3       87%         1
 Blade Hands              Tmut           0%         N/A       100%        5
 Irradiate                Conj/Tmut      0%         3d11      100%        5
 Dragon Form              Tmut           0%         N/A       100%        7
 Animate Dead             Necr           Unusable   N/A       N/A         4
 Haunt                    Necr/Summ      Unusable   N/A       N/A         7
 Infestation              Necr           Unusable   N/A       N/A         8

Dungeon Overview and Level Annotations

Branches:
Dungeon (5/15)
 Temple: D:4-7

Altars:
Okawaru
Wu Jian
Yredelemnul


Innate Abilities, Weirdness & Mutations

You have a pair of horns on your head.
You reflexively headbutt those who attack you in melee.


Message History

You slice the two-headed ogre!!
The two-headed ogre is severely wounded.
The centaur shoots an arrow.
You block the arrow. The two-headed ogre closely misses you.
You block the two-headed ogre's attack.
The centaur shoots an arrow.
The arrow closely misses you.
You slash the two-headed ogre!
You kill the two-headed ogre!
Okawaru is honoured by your kill.
You can now gain great but temporary skills.
The centaur shoots an arrow.
The arrow hits you!
The gnoll sergeant hits you from afar with a +0 spear!
The jackal completely misses you.
Your Fighting skill increases to level 5!
Your Axes skill increases to level 7!
Your Armour skill increases to level 5!
Your Shields skill increases to level 6!
Your Invocations skill increases to level 2!
You have reached level 7!
You have reached level 8!
You feel agile.
You slice the jackal!!
You kill the jackal!
Okawaru accepts your kill.
You hit the centaur.
The centaur unwields a +0 shortbow.
The centaur wields a +0 war axe.
The centaur hits you with a +0 war axe! You block the centaur's attack.
The vampire mosquito bites you.
The vampire mosquito draws strength from your injuries!
You block the gnoll sergeant's attack. The centaur hits you with a +0 war axe!
* * * LOW HITPOINT WARNING * * *
The centaur kicks you but does no damage.
The vampire mosquito bites you but does no damage.
You closely miss the vampire mosquito. You hit the orc.
You barely miss the centaur.
You block the vampire mosquito's attack.
The centaur hits you with a +0 war axe!
* * * LOW HITPOINT WARNING * * *
The centaur kicks you but does no damage.
The gnoll sergeant hits you from afar with a +0 spear!
* * * LOW HITPOINT WARNING * * *
The orc closely misses you. The vampire mosquito bites you!
You die...

#<# #.# #.#
#######'####
...........#
...........#########
....................
.............o..$...
.......#....@c5.....
.......#.#..y#5..#..
.......#..#g#...#?#
...........#...#...#
...$...#... ........
....#.#. .#...#..
#+# #..# #...#[#.
... ..#...# .#..
.......


You could see a vampire mosquito, a gnoll sergeant, a centaur, 2 white imps and
an orc.

Vanquished Creatures
  A two-headed ogre (D:5)
  A water moccasin (D:4)
  An ice beast (D:5)
  A hound (D:4)
  3 gnolls (D:4)
  6 adders
  6 worms
  2 dart slugs
  11 ball pythons
  5 bats (D:2)
  11 endoplasms
  2 giant cockroaches
  11 goblins
  7 hobgoblins
  A jackal (D:5)
  5 quokkas
  2 frilled lizards (D:2)
  10 kobolds
  11 rats
97 creatures vanquished.

Vanquished Creatures (others)
  A withered plant (D:3)
1 creature vanquished.

Grand Total: 98 creatures vanquished

Notes
Turn   | Place    | Note
-------+----------+-------------------------------------------
     0 | D:1      | bmack86 the Minotaur Fighter began the quest for the Orb.
     0 | D:1      | Reached XP level 1. HP: 19/19 MP: 0/0
   140 | D:1      | Reached XP level 2. HP: 16/26 MP: 1/1
   765 | D:1      | Reached skill level 3 in Axes
  1140 | D:2      | Reached XP level 3. HP: 31/31 MP: 2/2
  1155 | D:2      | Reached skill level 5 in Shields
  1478 | D:2      | Reached skill level 4 in Axes
  1478 | D:2      | Reached XP level 4. HP: 39/39 MP: 3/3
  1949 | D:2      | Found an ornate altar of the Wu Jian Council.
  2150 | D:2      | Found a faded altar of an unknown god.
  2161 | D:2      | Got Plato's Discursus on Shaping
  2556 | D:3      | Reached skill level 5 in Axes
  2590 | D:3      | Found a basalt altar of Yredelemnul.
  2844 | D:3      | Reached XP level 5. HP: 45/45 MP: 4/4
  3034 | D:3      | Identified the +2 ring mail "Keat" {rC+ Regen+ Int+3 Dex+4}
  3303 | D:4      | Found an iron altar of Okawaru.
  3313 | D:4      | Became a worshipper of Warmaster Okawaru
  3497 | D:4      | Noticed a water moccasin
  3511 | D:4      | Killed a water moccasin
  3512 | D:4      | Reached skill level 6 in Axes
  3512 | D:4      | Reached skill level 1 in Invocations
  3512 | D:4      | Reached XP level 6. HP: 37/52 MP: 5/5
  3696 | D:5      | Entered Level 5 of the Dungeon
  3699 | D:5      | Noticed an ice beast
  3710 | D:5      | Killed an ice beast
  3722 | D:5      | Noticed a two-headed ogre
  3729 | D:5      | Noticed a vampire mosquito
  3732 | D:5      | Killed a two-headed ogre
  3732 | D:5      | Reached * piety under Okawaru
  3732 | D:5      | Reached ** piety under Okawaru
  3733 | D:5      | Reached skill level 5 in Fighting
  3733 | D:5      | Reached skill level 7 in Axes
  3733 | D:5      | Reached skill level 5 in Armour
  3733 | D:5      | Reached XP level 7. HP: 31/61 MP: 2/8
  3733 | D:5      | Reached XP level 8. HP: 35/68 MP: 2/9
  3734 | D:5      | Slain by a vampire mosquito

Illustrated notes

Levels and vault maps discovered:
D:1:      giann_horns, layout_basic
D:2:      layout_basic, shapermc_ecumenical_altar_rom_forum, basic_altar,
          minmay_joined_circles
D:3:      layout_loops_ring, yredelemnul_altar_generic,
          chequers_serial_rivers_small_3, moated_statue
D:4:      layout_rooms, kennysheep_okawaru_gauntlet
D:5:      cheibrodos_fzero, layout_basic, nemelex_xobeh_ov_fountains_minmay,
          tgw_trog, jmf_multi_god_temple, grunt_ministairs_15,
          amcnicky_mini_rare_corridor_liquid

Skill      XL: |  1  2  3  4  5  6 |
---------------+-------------------+-----
Shields        | 4 5 6 |  6.2
Axes           | 3 4 5 6 7 |  7.7
Fighting       | 4 5 |  5.2
Armour         | 4 5 |  5.2
Invocations    | 1 2 |  2.7

Action                   |  1- 3 |  4- 6 |  7- 9 || total
-------------------------+-------+-------+-------++-------
Melee: War axe           |    83 |   145 |     2 ||   230
       Headbutt          |    11 |    20 |       ||    31
Evoke: Wand              |       |     5 |       ||     5
  Use: Scroll            |       |     9 |       ||     9
       Potion            |       |     1 |       ||     1
Armor: Scale mail        |    51 |    45 |       ||    96
       Ring mail         |       |    37 |     3 ||    40
Dodge: Dodged            |    36 |    72 |     1 ||   109
Block: Buckler           |    20 |    20 |       ||    40
       Kite shield       |       |    41 |     3 ||    44
